General information
- name: BNet
- type: Ladder 1vs1/FFA
- host: Battle.net
- saver: BEAR_AND
map: TurtleRock
- players: 2
- length: 29:51
- speed: Fast
- version: 1.26 W3XP
- replay type:

» download(106 KB)
Players
team 1 (tie)

»
mrfrenchy260 (
pink | 43 APM | 1292 actions | 29:50)
1 Blademaster
1 Wind Walk
3 Tauren Chieftain
2 Endurance Aura
1 War Stomp
3 Shadow Hunter
2 Healing Wave
1 Hex
» actions
| Basic commands | 71 | |
| Build / train | 93 | |
| Enter build submenu | 28 | |
| Enter hero's abilities submenu | 7 | |
| Remove unit from queue | 3 | |
| Right click | 529 | |
| Select / deselect | 482 | |
| Use ability | 77 | |
1292 total
» units
| Peon | 25 | |
| Grunt | 6 | |
| Troll Headhunter/Berserker | 3 | |
| Demolisher | 12 | |
| Kodo Beast | 2 | |
| Troll Witch Doctor | 3 | |
| Shaman | 4 | |
| Tauren | 3 | |
58 total
» upgrades
| Melee Weapons | 2 | |
| Armor | 1 | |
| Ranged Weapons | 1 | |
| Ensnare | 1 | |
| Witch Doctor Training | 2 | |
| Berserker Strength | 1 | |
| Spiked Barricades | 0 | |
| War Drums Damage Increase | 1 | |
| Envenomed Spears | 1 | |
| Shaman Training | 2 | |
| Burning Oil | 1 | |
| Reinforced Defenses | 1 | |
| Pulverize | 1 | |
| Berserker Upgrade | 1 | |
| Spirit Walker Training | 1 | |
17 total
» buildings
| Altar of Storms | 1 | |
| Orc Burrow | 6 | |
| Barracks | 2 | |
| War Mill | 2 | |
| Stronghold | 1 | |
| Watch Tower | 4 | |
| Voodoo Lounge | 1 | |
| Beastiary | 1 | |
| Spirit Lodge | 1 | |
| Fortress | 1 | |
| Tauren Totem | 1 | |
| Great Hall | 2 | |
23 total
» build order
00:11 Altar of Storms
00:13 Orc Burrow
01:05 Barracks
01:32 Orc Burrow
01:59 War Mill
02:35 Orc Burrow
03:37 Stronghold
04:05 Watch Tower
04:42 Voodoo Lounge
05:43 Barracks
06:16 Beastiary
06:45 Spirit Lodge
09:18 Fortress
10:33 Orc Burrow
12:02 War Mill
13:51 Tauren Totem
15:36 Great Hall
15:59 Orc Burrow
16:02 Orc Burrow
20:40 Great Hall
22:56 Watch Tower
24:23 Watch Tower
25:27 Watch Tower
» items
| Scroll of Town Portal | 1 | |
| Scroll of Speed | 1 | |
2 total
team 2 (tie)
BEAR_AND (
teal | 147 APM | 4379 actions | 29:51)
5 Archmage
3 Blizzard
2 Brilliance Aura
4 Mountain King
2 Storm Bolt
2 Bash
3 Paladin
2 Holy Light
1 Divine Shield
» actions
| Assign group hotkey | 27 | |
| Build / train | 138 | |
| Enter build submenu | 43 | |
| Enter hero's abilities submenu | 12 | |
| Give item / drop item | 8 | |
| Right click | 2561 | |
| Select / deselect | 719 | |
| Select group hotkey | 568 | |
| Use ability | 303 | |
4379 total
» units
| Peasant | 22 | |
| Priest | 2 | |
| Sorceress | 1 | |
25 total
» upgrades
| Masonry | 3 | |
| Lumber Harvesting | 2 | |
| Magic Sentry | 1 | |
| Sorceress Training | 2 | |
| Priest Training | 1 | |
9 total
» buildings
| Altar of Kings | 1 | |
| Farm | 5 | |
| Lumber Mill | 2 | |
| Arcane Vault | 1 | |
| Scout Tower | 107 | |
| Guard Tower | 66 | |
| Arcane Tower | 5 | |
| Keep | 2 | |
| Arcane Sanctum | 1 | |
| Castle | 1 | |
| Town Hall | 1 | |
192 total
» build order
00:09 Altar of Kings
00:19 Farm
00:37 Lumber Mill
01:14 Farm
01:28 Arcane Vault
01:44 Scout Tower
01:46 Scout Tower
02:12 Guard Tower
02:42 Arcane Tower
02:43 Scout Tower
02:44 Scout Tower
03:18 Guard Tower
03:41 Guard Tower
04:05 Scout Tower
04:06 Scout Tower
04:07 Scout Tower
04:35 Farm
05:17 Guard Tower
05:48 Keep
05:48 Keep
05:54 Guard Tower
06:00 Scout Tower
06:00 Scout Tower
06:01 Scout Tower
06:01 Scout Tower
06:34 Guard Tower
06:35 Guard Tower
07:13 Guard Tower
07:52 Guard Tower
07:53 Guard Tower
07:53 Guard Tower
07:55 Scout Tower
07:55 Scout Tower
07:56 Scout Tower
07:56 Scout Tower
08:44 Arcane Sanctum
09:56 Castle
09:57 Guard Tower
09:58 Guard Tower
09:58 Guard Tower
10:45 Guard Tower
10:46 Guard Tower
10:48 Scout Tower
10:50 Scout Tower
10:52 Scout Tower
10:52 Scout Tower
10:53 Scout Tower
10:54 Scout Tower
10:54 Scout Tower
11:09 Farm
11:36 Arcane Tower
11:50 Guard Tower
12:26 Guard Tower
12:41 Guard Tower
13:17 Guard Tower
13:52 Guard Tower
13:54 Scout Tower
13:55 Scout Tower
13:56 Scout Tower
13:58 Scout Tower
13:58 Scout Tower
13:59 Scout Tower
13:59 Scout Tower
14:00 Scout Tower
14:01 Scout Tower
14:02 Scout Tower
14:03 Scout Tower
15:05 Town Hall
15:10 Scout Tower
15:11 Scout Tower
15:11 Scout Tower
15:12 Scout Tower
15:12 Scout Tower
15:12 Scout Tower
15:13 Scout Tower
15:14 Scout Tower
15:15 Scout Tower
15:15 Scout Tower
15:16 Scout Tower
15:17 Scout Tower
15:17 Scout Tower
16:00 Arcane Tower
16:00 Guard Tower
16:00 Guard Tower
16:01 Guard Tower
16:09 Farm
16:27 Guard Tower
16:28 Guard Tower
16:29 Guard Tower
16:29 Guard Tower
16:29 Guard Tower
16:30 Guard Tower
16:47 Guard Tower
16:47 Guard Tower
17:23 Guard Tower
17:53 Guard Tower
18:05 Guard Tower
18:24 Guard Tower
18:24 Guard Tower
18:41 Scout Tower
18:42 Scout Tower
18:44 Scout Tower
18:45 Scout Tower
18:45 Scout Tower
18:46 Scout Tower
18:48 Scout Tower
18:48 Scout Tower
18:49 Scout Tower
18:49 Scout Tower
18:50 Scout Tower
18:51 Scout Tower
19:12 Guard Tower
20:17 Scout Tower
20:17 Scout Tower
20:18 Scout Tower
20:18 Scout Tower
20:37 Guard Tower
20:44 Guard Tower
20:44 Guard Tower
20:48 Scout Tower
20:48 Scout Tower
20:49 Scout Tower
20:49 Scout Tower
20:50 Scout Tower
20:50 Scout Tower
20:51 Scout Tower
20:51 Scout Tower
20:52 Scout Tower
20:52 Scout Tower
20:53 Scout Tower
20:53 Scout Tower
20:54 Guard Tower
20:54 Guard Tower
21:05 Guard Tower
22:04 Arcane Tower
22:32 Guard Tower
22:43 Guard Tower
22:46 Scout Tower
22:46 Scout Tower
22:46 Scout Tower
22:47 Scout Tower
22:47 Scout Tower
22:48 Scout Tower
22:48 Scout Tower
22:48 Scout Tower
23:01 Guard Tower
24:20 Guard Tower
24:22 Lumber Mill
24:26 Scout Tower
24:27 Scout Tower
24:27 Scout Tower
24:27 Scout Tower
25:00 Guard Tower
26:35 Scout Tower
26:36 Scout Tower
26:36 Scout Tower
26:36 Scout Tower
27:34 Guard Tower
27:35 Arcane Tower
27:51 Scout Tower
27:51 Scout Tower
27:51 Scout Tower
27:52 Scout Tower
27:52 Scout Tower
27:52 Scout Tower
27:53 Scout Tower
27:53 Scout Tower
27:55 Scout Tower
27:55 Scout Tower
27:55 Scout Tower
27:56 Scout Tower
27:56 Scout Tower
27:58 Scout Tower
27:58 Scout Tower
27:58 Scout Tower
29:01 Guard Tower
29:02 Guard Tower
29:07 Guard Tower
29:07 Guard Tower
29:32 Guard Tower
29:35 Guard Tower
29:36 Guard Tower
29:48 Guard Tower
29:48 Guard Tower
» items
| Scroll of Regeneration | 2 | |
| Boots of Speed | 3 | |
| Staff of Teleportation | 3 | |
| Staff of Sanctuary | 2 | |
10 total
Chat log
(05:41 / All) BEAR_AND: lmao
(05:44 / All) BEAR_AND: gg
(07:19 / All) BEAR_AND: this game is gonna be a tie fyi
(20:30 / All) BEAR_AND: lol
(20:57 / All) BEAR_AND: you have less than 10 minutes to kill me
(21:33 / All) BEAR_AND: bm third lmao
(22:53 / All) BEAR_AND: can you kill me in time???
(25:45 / All) BEAR_AND: lmao
(25:49 / All) BEAR_AND: lose siege to tower???
(27:39 / All) BEAR_AND: hey
(27:40 / All) BEAR_AND: hey
(27:40 / All) BEAR_AND: hey
(27:41 / All) BEAR_AND: hey
(27:41 / All) BEAR_AND: hey
(27:42 / All) BEAR_AND: hey
(27:42 / All) BEAR_AND: hey
(27:44 / All) BEAR_AND: owned
(28:14 / All) BEAR_AND: owned
(28:16 / All) BEAR_AND: scuse me
(28:18 / All) BEAR_AND: http://highper.ch/
(28:58 / All) BEAR_AND: 45 sedconds until we tie
(29:45 / All) BEAR_AND: http://highper.ch